 Dungeon Crawl Stone Soup version 0.17-a0-1572-g7a1422d (webtiles) character file.

16464 Hocok the Protected (level 12, -16/97 HPs)
             Began as a Human Berserker on July 26, 2015.
             Was an Elder of Trog.
             Demolished by a red ugly thing (21 damage)
             ... on level 13 of the Dungeon.
             The game lasted 00:50:37 (14569 turns).

Hocok the Protected (Human Berserker)              Turns: 14569, Time: 00:50:37

Health: -16/97     AC: 22    Str: 23    XL:     12   Next: 70%
Magic:  4/4        EV: 12    Int:  7    God:    Trog [****..]
Gold:   358        SH:  0    Dex: 16    Spells: 0 memorised, 11 levels left

rFire  . . .     SeeInvis .     f - +5 battleaxe (antimagic)
rCold  . . .     Clarity  .     L - +0 plate armour
rNeg   . . .     SustAt   +     (no shield)
rPois  .         Gourm    .     M - +0 helmet
rElec  .         Spirit   .     y - +0 cloak
rCorr  .         Warding  .     E - +2 pair of gloves {Str+3}
rMut   .         Stasis   .     g - +0 pair of boots
MR     +....                    (no amulet)
Stlth  ..........               x - ring of protection from magic
                                n - ring of sustain attributes

@: somewhat resistant to hostile enchantments, extremely unstealthy
A: no striking features
a: Burn Spellbooks, Berserk, Trog's Hand, Brothers in Arms, Renounce Religion


You were on level 13 of the Dungeon.
You worshipped Trog.
Trog was greatly pleased with you.
You were not hungry.

You visited 1 branch of the dungeon, and saw 13 of its levels.

You collected 853 gold pieces.
You spent 495 gold pieces at shops.

Inventory:

Hand weapons
 a - a +0 hand axe
 e - a +2 long sword of flaming
 f - a +5 antimagic battleaxe (weapon)
 I - a +3 great sword of draining
 S - a +4 halberd of freezing
Armour
 g - a +0 pair of boots (worn)
 j - a +0 chain mail
 y - a +0 cloak (worn)
 E - a +2 pair of gloves of strength (worn)
 L - a +0 plate armour (worn)
 M - a +0 helmet (worn)
Jewellery
 b - an uncursed ring of ice
 n - a ring of sustain attributes (left hand)
 x - a ring of protection from magic (right hand)
 K - an uncursed amulet of resist corrosion {unknown}
 N - an uncursed ring of protection from cold
Magical devices
 m - a wand of digging (12)
 o - a wand of flame (16)
 r - a wand of cold (8)
 t - a wand of polymorph (24)
 O - a wand of draining (8)
Scrolls
 h - 2 scrolls of noise
 i - 4 scrolls of recharging
 k - 2 scrolls of fog
 l - a scroll of enchant armour {unknown}
 s - 3 scrolls of amnesia
 v - a scroll of immolation {unknown}
 B - 4 scrolls of identify
 G - a scroll of random uselessness
 J - 6 scrolls of remove curse
 P - 2 scrolls of magic mapping {unknown}
Potions
 d - 4 potions of might
 u - a potion of cure mutation
 w - a potion of curing
 z - a potion of heal wounds {unknown}
 A - 3 potions of ambrosia
 C - a potion of magic {unknown}
 D - 3 potions of lignification {unknown}
 F - 5 potions of poison {unknown}
 Q - a potion of resistance {unknown}
 R - a potion of brilliance {unknown}
Comestibles
 c - 3 bread rations
 p - 3 fruits
 q - 2 royal jellies
 H - a meat ration


   Skills:
 + Level 10.1 Fighting
 + Level 9.7 Long Blades
 + Level 6.0 Axes
 + Level 0.4(3.7) Polearms
 + Level 10.8 Armour
 + Level 8.6 Dodging
 + Level 2.1 Stealth


You had 11 spell levels left.
You didn't know any spells.

Dungeon Overview and Level Annotations

Branches:
Dungeon (13/15)            Temple (0/1) D:4            Lair (0/8) D:10
    Orc (0/4) D:9
 Vaults: D:13-14

Altars:
Ashenzari
Cheibriados
Makhleb
Nemelex Xobeh
Ru
Trog
Yredelemnul

Shops:
D:6 *   D:7 [   D:8 [[?=%   D:10 [


Message History

The red ugly thing is severely wounded.
The red ugly thing tentacle-slaps you but does no damage.
The red ugly thing barely misses you.
You hit the red ugly thing.
The red ugly thing is severely wounded.
The red ugly thing tentacle-slaps you.
You are engulfed in flames!!
You closely miss the red ugly thing.
The red ugly thing is severely wounded.
The red ugly thing barely misses you.
You closely miss the red ugly thing.
The red ugly thing is severely wounded.
The red ugly thing tentacle-slaps you but does no damage.
The red ugly thing tentacle-slaps you.
You are engulfed in flames!!
* * * LOW HITPOINT WARNING * * *
You barely miss the red ugly thing.
The red ugly thing is severely wounded.
The red ugly thing tentacle-slaps you!
* * * LOW HITPOINT WARNING * * *
You are engulfed in flames!!
You die...

## .##...# ##.
.....# #.. ?...#
#####. #...# #..##.
#...# ##...'.
#...##########'..###
+...u+...##..###'##.
###@###..##..##..##.
#....##...........'.
#.....'...........#.
+.....#...........#.
#....##..##.......#.
#######..##......##.
#....#..###+##.
#....#..##..##.
#....#.......#.


You could see a red ugly thing.

Vanquished Creatures
  Fannar (D:11)
  Harold (D:12)
  Erolcha (D:9)
  Pikel (D:9)
  3 hill giants
  A manticore (D:12)
  Joseph (D:7)
  A troll (D:11)
  Grinder (D:6)
  A spriggan (D:10)
  A trapdoor spider (D:12)
  2 wyverns
  10 yaks
  2 wraiths
  A hippogriff (D:8)
  2 hungry ghosts
  A mottled dragon (D:11)
  Grum (D:11)
  3 wolves (D:11)
  A water moccasin (D:8)
  2 black bears (D:8)
  A sky beast (D:8)
  4 ogres
  A wasp (D:11)
  2 ice beasts
  A necrophage (D:12)
  6 phantoms
  3 orc warriors
  4 centaurs
  A big kobold (D:8)
  The ghost of Hocok the Ducker, an average FeBe of Ashenzari (D:4)
  7 giant frogs
  A wyvern zombie (D:8)
  4 scorpions
  7 killer bees (D:8)
  A crimson imp (D:5)
  12 wights
  A quasit (D:11)
  A gnoll shaman (D:7)
  A jelly (D:12)
  7 hounds
  7 orc priests
  5 centaur skeletons
  6 orc wizards
  An iguana (D:10)
  2 giant frog skeletons
  7 worker ants
  2 killer bee zombies
  A hound zombie (D:5)
  12 adders
  3 gnolls (D:7)
  2 worker ant zombies
  5 shadow imps
  2 oozes
  An adder skeleton (D:8)
  6 worms
  4 giant geckos
  64 orcs
  3 bat skeletons
  7 goblins
  10 hobgoblins
  17 jackals
  19 kobolds
  3 ball pythons
  17 bats
  7 giant cockroaches
  4 giant newts
  A goblin zombie (D:7)
  8 quokkas
  A quokka zombie (D:7)
  16 rats
347 creatures vanquished.

Vanquished Creatures (collateral kills)
  2 hydras (D:12)
  A hill giant (D:12)
  2 cyclopes
  A two-headed ogre (D:11)
  A wyvern (D:11)
  3 vampire mosquitoes (D:12)
  A wasp (D:11)
  An orc warrior (D:11)
  An orc priest (D:12)
  2 orc wizards
  3 orcs
  A hobgoblin (D:11)
19 creatures vanquished.

Vanquished Creatures (others)
  3 slaves (D:9)
  2 orcs
5 creatures vanquished.

Grand Total: 371 creatures vanquished

Notes
Turn   | Place    | Note
--------------------------------------------------------------
     0 | D:1      | Hocok the Human Berserker began the quest for the Orb.
     0 | D:1      | Reached XP level 1. HP: 18/18 MP: 1/1
   126 | D:1      | Reached XP level 2. HP: 24/24 MP: 2/2
   215 | D:1      | You fall through a shaft!
   227 | D:2      | Noticed a moth of wrath
   229 | D:2      | Found a bloodstained altar of Trog.
   394 | D:2      | Reached XP level 3. HP: 24/29 MP: 3/3
   409 | D:2      | Acquired Trog's second power
  1175 | D:3      | Reached XP level 4. HP: 28/35 MP: 4/4
  1749 | D:3      | Reached XP level 5. HP: 38/42 MP: 5/5
  2136 | D:4      | Found a basalt altar of Yredelemnul.
  2202 | D:4      | Reached skill level 1 in Long Blades
  2202 | D:4      | Reached skill level 1 in Stealth
  2204 | D:4      | Noticed a phantom
  2237 | D:4      | Killed a phantom
  2237 | D:4      | Reached skill level 4 in Fighting
  2237 | D:4      | Reached XP level 6. HP: 32/48 MP: 6/6
  2381 | D:4      | Found a burning altar of Makhleb.
  2381 | D:4      | Found a sparkling altar of Nemelex Xobeh.
  2419 | D:4      | Noticed Hocok's ghost (average FeBe)
  2448 | D:4      | Killed Hocok's ghost
  2528 | D:4      | Found a staircase to the Ecumenical Temple.
  2700 | D:4      | Noticed an ogre
  2710 | D:4      | Killed an ogre
  2710 | D:4      | Reached XP level 7. HP: 21/55 MP: 7/7
  2973 | D:5      | Entered Level 5 of the Dungeon
  2992 | D:5      | Reached skill level 5 in Fighting
  3162 | D:5      | Reached XP level 8. HP: 55/62 MP: 8/8
  3201 | D:5      | Acquired Trog's third power
  3204 | D:5      | Reached skill level 5 in Armour
  4031 | D:6      | Noticed Grinder
  4051 | D:6      | Killed Grinder
  4051 | D:6      | Reached skill level 6 in Fighting
  4051 | D:6      | Reached skill level 5 in Long Blades
  4610 | D:6      | Found Woxeuw's Assorted Antiques.
  4635 | D:6      | Bought a scroll of identify for 42 gold pieces
  4635 | D:6      | Bought 2 viscous blue potions for 37 gold pieces
  4635 | D:6      | Bought a scroll of identify for 42 gold pieces
  4635 | D:6      | Bought a golden potion for 18 gold pieces
  4674 | D:6      | Reached XP level 9. HP: 64/69 MP: 9/9
  5597 | D:7      | Found a sand-covered staircase.
  5668 | D:7      | Reached skill level 5 in Dodging
  5751 | D:7      | Noticed Joseph
  5766 | D:7      | Killed Joseph
  5766 | D:7      | Reached skill level 7 in Fighting
  5996 | D:7      | Found Emibry's Armour Emporium.
  5999 | D:7      | Bought a +2 pair of gloves of strength for 258 gold pieces
  6186 | D:8      | Found Qiatoup's Armour Shoppe.
  6266 | D:8      | Reached XP level 10. HP: 58/79 MP: 10/10
  6469 | D:8      | Found Lerphiti's Magic Scroll Emporium.
  6734 | D:8      | Found Arhio's Jewellery Boutique.
  6828 | D:8      | Found a sacrificial altar of Ru.
  6948 | D:8      | Received a gift from Trog
  7074 | D:8      | Found Quenajem's Antique Armour Shoppe.
  7401 | D:8      | Found Locoun's Food Shoppe.
  7404 | D:8      | Bought a meat ration for 70 gold pieces
  7404 | D:8      | Bought a royal jelly for 28 gold pieces
  8118 | D:9      | Found a staircase to the Orcish Mines.
  8241 | D:9      | Noticed Pikel
  8251 | D:9      | Killed Pikel
  8251 | D:9      | Reached skill level 8 in Armour
  8423 | D:9      | Noticed Erolcha
  8431 | D:9      | Killed Erolcha
  8431 | D:9      | Reached XP level 11. HP: 79/86 MP: 11/11
  8552 | D:9      | Found a shattered altar of Ashenzari.
  8732 | D:10     | Entered Level 10 of the Dungeon
  8755 | D:10     | Found a staircase to the Lair.
  8974 | D:10     | Found Teokorgh's Armour Boutique.
  9258 | D:10     | Noticed a hill giant
  9264 | D:10     | Killed a hill giant
  9264 | D:10     | Reached skill level 9 in Long Blades
  9431 | D:11     | Noticed Fannar
  9449 | D:11     | Killed Fannar
  9707 | D:11     | Noticed Grum
  9722 | D:11     | Killed Grum
  9722 | D:11     | Received a gift from Trog
  9917 | D:11     | Noticed a white ugly thing
 10018 | D:11     | Paralysed by a wasp for 1 turns
 10025 | D:11     | Found a snail-covered altar of Cheibriados.
 10296 | D:11     | Noticed a hill giant
 10307 | D:11     | Killed a hill giant
 10642 | D:11     | Reached XP level 12. HP: 60/96 MP: 4/12
 11162 | D:11     | Noticed a cyclops
 11172 | D:11     | HP: 1/96 [cyclops/large rock (39)]
 11175 | D:11     | Killed a cyclops
 11832 | D:11     | Reached skill level 5 in Axes
 12121 | D:12     | Reached skill level 10 in Armour
 12434 | D:12     | Noticed a six-headed hydra
 12450 | D:12     | Killed a 13-headed hydra
 12876 | D:12     | Reached skill level 10 in Fighting
 13037 | D:12     | Noticed Harold
 13107 | D:12     | Killed Harold
 13609 | D:12     | Noticed a six-headed hydra
 13617 | D:12     | Killed an eight-headed hydra
 14569 | D:13     | Demolished by a red ugly thing

Vault maps used:
D:1:      moated_graveyard_arrival
D:2:      tgw_trog, first_bread
D:3:      kennysheep_small_spiral, kennysheep_potato
D:4:      gammafunk_temple_overflow_elements, old_standard_altar,
          minmay_temple_entry_large_hall
D:5:      kennysheep_generic_room_5
D:6:      serial_shops, shop_coins, uniq_grinder
D:7:      serial_shops, kennysheep_mini, enter_ossuary_4, dk_vineyard_3,
          uniq_joseph
D:8:      nicolae_ru_awakened_eye, serial_shops, nicolae_shop_waterfront,
          shop_fountains, shop, nicolae_shop_statue_plus, shop
D:9:      ashenzari_conservatory_becter, hiddenorc2_lemuel, serial_curves,
          eino_curves_02, eino_curves_03, uniq_pikel, uniq_erolcha
D:10:     dpeg_lair_monsters, serial_shops, shop, the_bakery
D:11:     cheibriados_altar_1, uniq_grum, uniq_fannar
D:12:     uniq_harold
D:13:     david_vaults_5, st_stairs_11

Action                   |  1- 3 |  4- 6 |  7- 9 | 10-12 || total
-------------------------+-------+-------+-------+-------++-------
Melee: Hand axe          |    39 |       |       |       ||    39
       Long sword        |    59 |   170 |   363 |   113 ||   705
       Great sword       |       |       |       |   250 ||   250
       Battleaxe         |       |       |       |   239 ||   239
       Halberd           |       |       |       |    16 ||    16
Invok: Berserk           |     1 |     3 |     7 |     5 ||    16
       Brothers in Arms  |       |       |       |     7 ||     7
  Use: Scroll            |       |     3 |     6 |     8 ||    17
       Potion            |       |     3 |       |     4 ||     7
 Stab: Sleeping          |     1 |       |       |       ||     1
  Eat: Bread ration      |     1 |       |     3 |     2 ||     6
       Meat ration       |       |     2 |       |     3 ||     5
       Fruit             |       |       |     2 |     7 ||     9
       Chunk             |       |       |     2 |     1 ||     3
       Beef jerky        |       |       |       |     3 ||     3
       Pizza             |       |       |       |     1 ||     1
